Map: Overgrowth LE (Void)

Players

soO - Winner!

  • Race: Zerg Zerg
  • Spawn Location: 7:00

Trust

  • Race: Protoss Protoss
  • Spawn Location: 1:00

Event: IEM Season 11 - Gyeonggi

VOD

https://www.youtube.com/watch?v=V4hrQqAnJy0

Description

Time

  • Played on: Dec. 13, 2016, 9:14 p.m.
  • Length: 11:59

All games in this series

Show
View Real Time Build Order
Export as new Build Order

soO Zerg - Winner!

Build Orders: Hatch First 

Get SALT Encoding   

  12  0:00  Drone  
  13  0:12  Overlord  
  13  0:16  Drone  
  14  0:30  Drone x2  
  14  0:33  Drone  
  17  0:51  Hatchery  
  17  0:52  Drone  
  17  0:56  Drone  
  18  1:06  Extractor  
  18  1:10  Spawning Pool  
  16  1:13  Drone  
  16  1:16  Drone  
  18  1:28  Drone  
  19  1:38  Drone  
  20  1:48  Drone  
  21  1:59  Drone  
  22  2:02  Queen  
  22  2:03  Hatchery  
  22  2:05  Drone  
  22  2:07  Metabolic Boost  
  24  2:15  Overlord  
  24  2:24  Drone x2  
  24  2:27  Queen  
  28  2:35  Drone  
  28  2:36  Drone  
  30  2:41  Drone  
  31  2:44  Zergling x2  
  32  2:52  Zergling x2  
  32  2:55  Overlord  
  32  2:57  Drone  
  34  3:04  Drone  
  35  3:10  Drone  
  36  3:14  Queen  
  36  3:15  Drone x2  
  36  3:16  Drone x3  
  43  3:25  Overlord  
  43  3:27  Drone x2  
  43  3:30  Roach Warren  
  44  3:35  Drone x2  
  44  3:37  Drone  
  44  3:38  Overlord  
  44  3:39  Drone x2  
  49  3:47  Drone  
  50  3:50  Extractor  
  50  3:54  Queen  
  50  3:55  Drone, Overlord  
  52  3:57  Drone x2  
  52  3:58  Lair  
  52  4:02  Zergling x6  
  57  4:06  Zergling x2  
  57  4:09  Zergling x4  
  60  4:10  Zergling x4  
  60  4:12  Zergling x2  
  60  4:14  Zergling x4  
  60  4:16  Roach  
  67  4:18  Roach  
  67  4:21  Overlord  
  67  4:23  Zergling x2  
  67  4:32  Zergling x8  
  67  4:34  Zergling x4  
  69  4:42  Drone x2  
  69  4:44  Drone  
  69  4:45  Drone x2  
  69  4:46  Drone x3  
  69  4:47  Drone  
  73  4:52  Drone  
  73  4:54  Drone  
  73  4:56  Ravager x2  
  73  4:57  Drone, Glial Reconstitution  
  77  5:02  Extractor  
  77  5:03  Drone  
  77  5:06  Extractor  
  76  5:08  Zergling x4  
  74  5:16  Zergling x4  
  74  5:17  Drone x3  
  76  5:22  Zergling x10  
  76  5:23  Zergling x2  
  76  5:27  Overlord  
  81  5:28  Drone  
  81  5:31  Zergling x2  
  76  5:40  Queen  
  72  5:43  Drone x3  
  72  5:49  Drone x2  
  72  5:53  Drone  
  72  6:01  Drone x2  
  72  6:02  Drone  
  75  6:06  Overseer  
  75  6:08  Overseer  
  75  6:11  Drone x2  
  77  6:21  Roach  
  77  6:22  Roach x5  
  87  6:28  Roach  
  87  6:32  Roach  
  89  6:33  Overlord  
  89  6:34  Overlord  
  89  6:35  Overlord  
  89  6:37  Overlord  
  89  6:40  Overlord  
  89  6:49  Drone  
  89  6:50  Overlord  
  90  6:59  Drone x7  
  92  7:14  Roach x7  
  103  7:21  Roach  
  105  7:27  Roach x5  
  105  7:29  Drone x3  
  118  7:33  Drone  
  115  7:38  Ravager x4  
  115  7:41  Drone x2  
  115  7:44  Drone x2  
  122  7:47  Roach  
  122  7:51  Drone, Roach  
  114  8:02  Roach  
  114  8:03  Roach x4  
  122  8:09  Drone  
  122  8:10  Drone x2  
  122  8:11  Evolution Chamber  
  122  8:12  Drone  
  125  8:19  Roach  
  131  8:20  Roach x3  
  131  8:23  Overlord  
  133  8:31  Drone x3  
  136  8:37  Ravager x2  
  136  8:39  Overlord x4  
  138  8:42  Zerg Missile Weapons Level 1  
  138  8:45  Overlord  
  138  8:46  Overlord  
  138  8:50  Overlord  
  138  8:52  Overlord  
  131  9:03  Ravager x3  
  131  9:04  Ravager x6, Roach, Zergling x2  
  131  9:05  Zergling x4  
  144  9:16  Drone x3, Ravager  
  144  9:19  Drone x2  
  144  9:20  Zergling x2  
  144  9:21  Zergling x4  
  150  9:24  Zergling x6  
  150  9:28  Ravager  
  150  9:30  Drone  
  149  9:40  Zergling x2  
  149  9:41  Hatchery, Zergling x16  
  151  9:45  Zergling x2  
  151  9:46  Zergling x2  
  151  9:52  Zergling x4  
  138  10:00  Zergling x8  
  138  10:04  Roach x2  
  141  10:11  Roach x3  
  140  10:19  Roach x5  
  143  10:24  Roach x2  
  147  10:29  Roach x2, Zergling x4  
  147  10:34  Roach  
  155  10:37  Roach  
  155  10:40  Roach  
  148  10:46  Roach  
  148  10:47  Roach  
  149  10:50  Overseer  
  149  10:52  Roach x2, Zergling x2  
  154  10:57  Roach x3, Zergling x6  
  165  11:04  Roach x3  
  160  11:12  Roach x2, Zergling x2  
  160  11:18  Roach x5  
  153  11:22  Roach x3  
  162  11:27  Drone x3  
  162  11:34  Roach x2  
  162  11:39  Ravager  
  167  11:40  Drone x2  
  167  11:42  Ravager  
  167  11:45  Drone  
  171  11:53  Hatchery  
Show
View Real Time Build Order
Export as new Build Order

Trust Protoss 

Build Orders: 1 Gate Expand, Mass Adepts 

Get SALT Encoding   

  12  0:00  Probe (Chrono Boost)  
  13  0:11  Probe (Chrono Boost)  
  14  0:18  Pylon  
  14  0:21  Probe (Chrono Boost)  
  15  0:36  Probe (Chrono Boost), Gateway  
  15  0:41  Assimilator  
  16  0:46  Probe (Chrono Boost)  
  18  0:57  Probe (Chrono Boost)  
  18  1:07  Probe (Chrono Boost)  
  19  1:18  Nexus  
  19  1:29  Cybernetics Core  
  19  1:32  Probe (Chrono Boost)  
  20  1:40  Assimilator  
  20  1:43  Probe (Chrono Boost)  
  21  1:50  Pylon  
  22  1:54  Probe (Chrono Boost)  
  22  1:59  Warp Gate (Chrono Boost)  
  22  2:04  Probe (Chrono Boost)  
  25  2:08  Adept (Chrono Boost)  
  25  2:16  Probe  
  25  2:22  Twilight Council  
  26  2:29  Probe  
  26  2:34  Probe  
  28  2:37  Adept  
  28  2:39  Probe  
  31  2:46  Probe  
  31  2:50  Probe  
  32  2:54  Resonating Glaives (Chrono Boost)  
  33  3:04  Gateway x2  
  33  3:11  Adept  
  33  3:12  Probe x2  
  37  3:24  Robotics Facility  
  37  3:28  Pylon  
  37  3:29  Probe  
  37  3:30  Probe  
  39  3:42  Mothership Core (Chrono Boost)  
  39  3:43  Probe (Chrono Boost)  
  42  3:49  Pylon  
  43  3:57  Probe (Chrono Boost)  
  43  3:58  Adept x3  
  49  4:03  Probe (Chrono Boost)  
  49  4:08  Probe (Chrono Boost)  
  49  4:09  Pylon  
  51  4:11  Warp Prism (Chrono Boost)  
  51  4:15  Probe  
  53  4:19  Probe  
  53  4:23  Adept x3  
  60  4:33  Probe x2  
  60  4:45  Probe  
  60  4:49  Nexus  
  54  4:52  Pylon  
  54  4:57  Adept x3  
  59  5:01  Immortal (Chrono Boost)  
  63  5:10  Probe (Chrono Boost)  
  64  5:17  Pylon  
  64  5:19  Pylon  
  63  5:21  Gateway  
  61  5:30  Assimilator x2, Probe (Chrono Boost)  
  62  5:37  Probe (Chrono Boost), Gateway  
  62  5:40  Probe (Chrono Boost)  
  62  5:41  Gateway  
  62  5:43  Immortal  
  62  5:48  Probe (Chrono Boost), Blink (Chrono Boost)  
  61  5:53  Adept x3  
  65  6:00  Pylon  
  65  6:18  Adept x3  
  71  6:19  Probe x2  
  71  6:25  Nexus  
  73  6:27  Pylon  
  73  6:30  Immortal  
  73  6:37  Forge  
  73  6:41  Sentry x4  
  73  6:42  Sentry  
  83  6:49  Probe x2  
  83  6:50  Pylon  
  85  6:55  Pylon  
  83  7:07  Immortal  
  83  7:13  Probe x2  
  83  7:15  Protoss Ground Weapons Level 1 (Chrono Boost), Pylon  
  87  7:23  Stalker x3  
  87  7:26  Stalker  
  95  7:41  Pylon  
  95  7:44  Pylon  
  90  8:00  Stalker x5  
  90  8:03  Pylon  
  100  8:07  Stalker  
  98  8:17  Pylon  
  98  8:19  Pylon  
  98  8:29  Pylon  
  98  8:32  Pylon  
  98  8:37  Zealot  
  99  8:48  Stalker x5  
  109  9:02  Sentry  
  101  9:17  Dark Shrine  
  101  9:18  Nexus, Mothership Core  
  101  9:19  Pylon  
  101  9:20  Probe  
  102  9:24  Immortal  
  106  9:34  Sentry  
  106  9:35  Stalker x3  
  106  9:38  Probe  
  115  9:44  Stalker  
  117  9:47  Probe  
  117  9:50  Probe  
  107  10:01  Stalker x2  
  107  10:02  Stalker, Sentry  
  107  10:05  Sentry  
  101  10:21  Stalker, Warp Prism (Chrono Boost)  
  97  10:26  Pylon  
  99  10:31  Dark Templar x2  
  99  10:34  Dark Templar  
  90  10:45  Stalker x2  
  90  10:49  Stalker  
  83  11:05  Stalker x2  
  83  11:13  Stalker  
  71  11:21  Stalker x3  
  71  11:30  Stalker  
  72  11:38  Stalker  
  71  11:45  Dark Templar x2  

Tags
 
Add a new tag
Caveats
  • Supply blocks, unpowered buildings, or Contaminate may cause inaccurate times.
  • Supply counts are checked every 10 seconds.